 Dungeon Crawl Stone Soup version 0.27.1 (webtiles) character file.

Game seed: 5065986667389236282

214 ZARRMARR the Insei (level 5, -1/34 HPs)
             Began as an Octopode Transmuter on Sept 3, 2021.
             Slain by a centaur zombie (3 damage)
             ... on level 5 of the Dungeon on Sept 4, 2021.
             The game lasted 00:12:46 (4469 turns).

ZARRMARR the Insei (Octopode Transmuter)            Turns: 4469, Time: 00:12:47

Health: -1/34      AC:  1    Str:  9    XL:     5   Next: 92%
Magic:  8/9        EV: 13    Int: 17    God:
Gold:   200        SH:  0    Dex: 12    Spells: 8/9 levels left

rFire    + . .     SeeInvis .     - Unarmed
rCold    + . .     Faith    .   (no shield)
rNeg     + . .     Spirit   .   (helmet currently unavailable)
rPois    +         Reflect  .   (no amulet)
rElec    +         Harm     .   f - ring of positive energy
rCorr    +         Rampage  .   (no ring)
Will     .....                  (no ring)
Stlth    +++.......             (no ring)
HPRegen  0.11/turn              (no ring)
MPRegen  0.11/turn              (no ring)
                                (no ring)
                                (no ring)

@: appendages, resistant
A: tentacle spike 3, almost no armour, amphibious, 8 rings, camouflage 1,
gelatinous body 1, (nimble swimmer 1), tentacles
a: End Transformation


You were on level 5 of the Dungeon.
One of your tentacles had grown a beastly spike.
You visited 1 branch of the dungeon, and saw 5 of its levels.

You collected 200 gold pieces.

Inventory:

Missiles
 c - 3 throwing nets
 n - 3 javelins
Jewellery
 f - a ring of positive energy (left tentacle)
Wands
 e - a wand of polymorph (9)
 j - a wand of acid (5)
Scrolls
 h - a scroll of vulnerability
 i - a scroll of magic mapping {unknown}
 k - a scroll of teleportation {unknown}
 l - a scroll of enchant armour {unknown}
 m - a scroll of fog {unknown}
Potions
 a - 2 potions of attraction
 b - a potion of flight
 d - 2 potions of curing


   Skills:
 + Level 2.2 Fighting
 + Level 3.0 Dodging
 + Level 2.8 Stealth
 + Level 3.6 Unarmed Combat
 + Level 2.7 Spellcasting
 + Level 3.0 Transmutations
 + Level 1.0 Earth Magic


You had 8 spell levels left.
You knew the following spells:

 Your Spells              Type           Power      Damage    Failure   Level
a - Beastly Appendage     Tmut           24%        N/A       5%          1

Your spell library contained the following spells:

 Spells                   Type           Power      Damage    Failure   Level
 Wereblood                Tmut           12%        N/A       8%          2
 Slow                     Hex            2%         N/A       26%         2
 Spider Form              Tmut/Pois      3%         N/A       28%         3
 Confusing Touch          Hex            2%         N/A       47%         3
 Vampiric Draining        Necr           1%         2d6       47%         3
 Ice Form                 Ice/Tmut       7%         N/A       67%         4
 Leda's Liquefaction      Hex/Erth       2%         N/A       82%         4
 Bolt of Magma            Conj/Fire/Erth 1%         4d4       99%         5
 Statue Form              Tmut/Erth      6%         N/A       100%        6


Dungeon Overview and Level Annotations

Branches:
Dungeon (5/15)
 Temple: D:4-7

Altars:
Hepliaklqana
Makhleb

Annotations:
D:4 Duvessa, Pikel


Innate Abilities, Weirdness & Mutations

One of your tentacles has grown a beastly spike.
You cannot wear most types of armour.
You are amphibious.
You can wear up to eight rings at the same time.
Your skin changes colour to match your surroundings (Stealth+).
Your rubbery body absorbs attacks. (AC +1, EV +1)
((You are camouflaged near water. (Stealth+)))
You have tentacles for arms and can constrict up to eight enemies at once.


Message History

The centaur zombie is lightly damaged.
The centaur zombie hits you. The centaur zombie kicks you.
The bullfrog zombie closely misses you.
You tentacle-slap the centaur zombie.
You pierce the centaur zombie.
You squeeze the centaur zombie.
The centaur zombie is moderately damaged.
The centaur zombie closely misses you. The centaur zombie barely misses you.
The bullfrog zombie hits you. The centaur zombie misses you. x2
You tentacle-slap the centaur zombie.
The centaur zombie is moderately damaged.
The bullfrog zombie closely misses you. The centaur zombie misses you.
The centaur zombie kicks you but does no damage.
You tentacle-slap the bullfrog zombie but do no damage.
Your grab misses the bullfrog zombie.
You pierce the bullfrog zombie.
The bullfrog zombie is lightly damaged.
The bullfrog zombie misses you. The centaur zombie hits you.
The centaur zombie kicks you. The bullfrog zombie hits you.
You tentacle-slap the bullfrog zombie. You grab the bullfrog zombie.
You pierce the bullfrog zombie, but do no damage.
You squeeze the bullfrog zombie.
The bullfrog zombie is moderately damaged.
You constrict the bullfrog zombie. The centaur zombie barely misses you.
The centaur zombie kicks you.
* * * LOW HITPOINT WARNING * * *
The bullfrog zombie hits you.
* * * LOW HITPOINT WARNING * * *
It was a potion of resistance.
You feel protected.
You constrict the bullfrog zombie. The centaur zombie barely misses you.
The centaur zombie misses you. The bullfrog zombie barely misses you.
You tentacle-slap the centaur zombie.
The centaur zombie is moderately damaged.
You constrict the bullfrog zombie. The centaur zombie closely misses you.
The centaur zombie misses you.
The bullfrog zombie hits you but does no damage.
The centaur zombie closely misses you. The centaur zombie kicks you.
* * * LOW HITPOINT WARNING * * *
You release your grip on the bullfrog zombie.
The bullfrog zombie barely misses you. The centaur zombie hits you.
You die...

.. ... #######
#.##
##.....##....
##............
#...@Z........
.#...Z.........
#...............
###.............
#.............
...............
####...........o
##.....##....
##.#.## ####


You could see a bullfrog zombie and a centaur zombie.

Vanquished Creatures
  A centaur skeleton (D:4)
  An iguana (D:4)
  A hound skeleton (D:4)
  6 adders
  A gnoll (D:1)
  An adder zombie (D:3)
  An adder skeleton (D:3)
  A worm (D:2)
  2 dart slugs (D:3)
  4 orcs (D:3)
  6 bats
  3 endoplasms
  2 giant cockroaches
  6 goblins
  5 hobgoblins
  5 kobolds
  4 quokkas
  10 ball pythons
  3 frilled lizards
  A giant cockroach zombie (D:3)
  A quokka zombie (D:3)
  8 rats
73 creatures vanquished.

Vanquished Creatures (others)
  38 fungi (D:4)
  76 plants (D:4)
114 creatures vanquished.

Grand Total: 187 creatures vanquished

Notes
Turn   | Place    | Note
-------+----------+-------------------------------------------
     0 | D:1      | ZARRMARR the Octopode Transmuter began the quest for the
                  | Orb.
     0 | D:1      | Reached XP level 1. HP: 13/13 MP: 3/3
    56 | D:1      | Reached skill level 1 in Stealth
    56 | D:1      | Reached XP level 2. HP: 10/18 MP: 3/5
   845 | D:1      | Reached XP level 3. HP: 23/23 MP: 3/6
  1846 | D:2      | Reached XP level 4. HP: 28/28 MP: 4/7
  3175 | D:3      | Found a hazy altar of Hepliaklqana.
  3215 | D:3      | Found a faded altar of an unknown god.
  3256 | D:3      | Reached XP level 5. HP: 34/34 MP: 6/8
  3589 | D:3      | Found a burning altar of Makhleb.
  3589 | D:3      | Noticed a cacodemon
  3637 | D:4      | Noticed Pikel
  3637 | D:4      | Noticed a lemure
  3685 | D:4      | Identified the -5 cloak of Curiosity {Dex+3 Stlth+}
  4197 | D:4      | Reached skill level 1 in Earth Magic
  4229 | D:4      | Noticed Duvessa
  4450 | D:5      | Entered Level 5 of the Dungeon
  4469 | D:5      | Slain by a centaur zombie

Illustrated notes

Levels and vault maps discovered:
D:1:      pf_arrival_petrified_forest, layout_basic
D:2:      layout_basic, serial_glass, glass_columns_a, glass_columns_a
D:3:      layout_rooms, makhleb_altar_promises_db, nzn_hepliaklqana_mist_gate,
          serial_undead, serial_undead_d, serial_undead_d, serial_undead_a,
          serial_undead_c, shapermc_ecumenical_altar_notcrosses
D:4:      layout_rooms, tgw_fedhas, old_standard_altar, uniq_pikel, uniq_duvessa
D:5:      layout_rooms, okawaru_trees_2, uniq_eustachio

Skill      XL: |  1  2  3  4  5 |
---------------+----------------+-----
Stealth        | 1 2 |  2.8
Fighting       | 2 |  2.2
Dodging        | 3 |  3.0
Transmutations | 3 |  3.0
Earth Magic    | 1 |  1.0
Unarmed Combat | |  3.6
Spellcasting   | |  2.7

Action                   |  1- 3 |  4- 6 || total
-------------------------+-------+-------++-------
Melee: Unarmed           |    61 |   119 ||   180
       Constrict         |    18 |    32 ||    50
       Kick              |    15 |    34 ||    49
       Tentacles         |     6 |    17 ||    23
       Punch             |     2 |     5 ||     7
 Cast: Beastly Appendage |    21 |    33 ||    54
  Use: Scroll            |     2 |     3 ||     5
       Potion            |       |     1 ||     1
 Stab: Sleeping          |     4 |     5 ||     9
Armor: Skin              |     6 |    11 ||    17
Dodge: Dodged            |    32 |    77 ||   109
